 Dungeon Crawl Stone Soup version 0.23-a0-890-gc183402 (webtiles) character file.

Game seed: 15998568566936588881

63 tidbits the Charmwright (level 4, -1/38 HPs)
             Began as a Gnoll Skald on Jan 28, 2019.
             Slain by a worm (7 damage)
             ... on level 3 of the Dungeon.
             The game lasted 00:04:14 (355 turns).

tidbits the Charmwright (Gnoll Skald)                Turns: 355, Time: 00:04:15

Health: -1/38      AC:  3    Str: 13 (14) XL:     4   Next: 10%
Magic:  2/11       EV: 14    Int: 14 (16) God:
Gold:   51         SH:  0    Dex: 13 (14) Spells: 2/13 levels left

rFire    . . .     SeeInvis .   a - +2 spear (freeze)
rCold    . . .     Gourm    .   (no shield)
rNeg     . . .     Faith    .   b - +0 leather armour
rPois    .         Spirit   .   (no helmet)
rElec    .         Reflect  .   (no cloak)
rCorr    .         Harm     .   (no gloves)
MR       .....                  (no boots)
Stlth    +.........             (no amulet)
HPRegen  0.12/turn              (no ring)
MPRegen  0.12/turn              (no ring)

@: singing, very slightly contaminated
A: distributed training, fangs 1, strong nose
a: no special abilities


You were on level 3 of the Dungeon.
You were not hungry.

You visited 1 branch of the dungeon, and saw 3 of its levels.

You collected 51 gold pieces.

Inventory:

Hand Weapons
 a - a +2 spear of freezing (weapon)
   (You found it on level 1 of the Dungeon)
 c - a +0 hunting sling
 e - a +0 dagger
 g - a +0 spear
Missiles
 k - 44 stones (quivered)
Armour
 b - a +0 leather armour (worn)
Scrolls
 f - a scroll of remove curse {unknown}
 h - a scroll of blinking {unknown}
 j - a scroll of noise {unknown}
 l - a scroll of random uselessness {unknown}
 m - a scroll of fog {unknown}
Comestibles
 d - a ration


   Skills:
 + Level 4.6 Fighting
 + Level 1.0 Short Blades
 + Level 1.0 Long Blades
 + Level 1.0 Axes
 + Level 1.0 Maces & Flails
 + Level 4.6 Polearms
 + Level 1.0 Staves
 + Level 1.0 Slings
 + Level 1.0 Bows
 + Level 1.0 Crossbows
 + Level 1.0 Throwing
 + Level 2.7 Armour
 + Level 4.6 Dodging
 + Level 1.0 Stealth
 + Level 1.0 Shields
 + Level 1.0 Unarmed Combat
 + Level 5.0 Spellcasting
 + Level 0.7 Conjurations
 + Level 0.7 Hexes
 + Level 5.4 Charms
 + Level 0.7 Summonings
 + Level 0.7 Necromancy
 + Level 0.7 Translocations
 + Level 0.7 Transmutations
 + Level 0.7 Fire Magic
 + Level 0.7 Ice Magic
 + Level 0.7 Air Magic
 + Level 0.7 Earth Magic
 + Level 0.7 Poison Magic
 + Level 1.1 Invocations
 + Level 1.0 Evocations


You had 2 spell levels left.
You knew the following spells:

 Your Spells              Type           Power        Failure   Level  Hunger
g - Shroud of Golubria    Chrm/Tloc      ##........   10%         2    ##.....
i - Infusion              Chrm           ###.         2%          1    None
r - Regeneration          Chrm/Necr      ##........   19%         3    ###....
w - Spectral Weapon       Hex/Chrm       ##......     19%         3    ###....
y - Song of Slaying       Chrm           ###.....     3%          2    ##.....

Your spell library contained the following spells:

 Spells                   Type           Power        Failure   Level  Hunger


Dungeon Overview and Level Annotations

Branches:
Dungeon (3/15)

Altars:


Innate Abilities, Weirdness & Mutations

Your experience applies equally to all skills.
You have very sharp teeth.
Your uncanny sense of smell can sniff out nearby items.


Message History

Found two stone staircases leading down.
There is a stone staircase leading up here.
Unknown command.
Attack whom?
Press: ? - help, Dir - move target cursor, f - rat
Aim: a rat You reach to attack!
You barely miss the rat.
Unknown command.
Casting: Spectral Weapon (safe; 19% risk of failure)
Confirm with . or Enter, or press ? or * to list all spells.
You start singing a song of slaying.
The leopard gecko hisses angrily.
The rat closely misses you.
Unknown command.
Casting: Song of Slaying (safe; 3% risk of failure)
Confirm with . or Enter, or press ? or * to list all spells.
You miscast Spectral Weapon.
You are very lightly contaminated with residual magic.
Your hands glow momentarily.
The orc barely misses you. The rat misses you.
Casting: Spectral Weapon (safe; 19% risk of failure)
Confirm with . or Enter, or press ? or * to list all spells.
You draw out your weapon's spirit!
The leopard gecko hisses menacingly.
The rat misses you.
Unknown command.
Unknown command.
You barely miss the orc.
Your spectral weapon closely misses the orc.
The orc barely misses you. The orc misses you.
You hit the orc. You freeze the orc.
The orc is heavily wounded.
Your spectral weapon hits the orc but does no damage.
The leopard gecko barely misses your spectral weapon.
The rat bites you. The orc hits you but does no damage. The rat bites you.
The orc closely misses your spectral weapon.
You catch the helpless orc completely off-guard!
You hit the orc but do no damage.
The orc is heavily wounded.
Your spectral weapon hits the orc!
Your spectral weapon freezes the orc.
You kill the orc!
The rat closely misses you. The rat bites you but does no damage.
The orc closely misses your spectral weapon.
Unknown command.
You hit the leopard gecko.
The leopard gecko seems to slow down.
You freeze the leopard gecko.
The leopard gecko is severely wounded.
Your spectral weapon misses the leopard gecko.
The leopard gecko misses you. The rat bites you.
The orc hits you but does no damage. The rat closely misses you.
The orc barely misses your spectral weapon.
The orc barely misses you.
You hit the leopard gecko.
The leopard gecko seems to slow down.
You freeze the leopard gecko.
You kill the leopard gecko!
You feel your dexterity returning.
You have reached level 4!
You feel stronger. The rat bites you. The orc hits you but does no damage.
The rat bites you but does no damage.
Unknown command.
You closely miss the orc.
Your spectral weapon hits the orc.
Your spectral weapon freezes the orc.
You kill the orc!
The orc hits you with a +0 club.
* * * LOW HITPOINT WARNING * * *
The rat bites you but does no damage. The orc hits you.
* * * LOW HITPOINT WARNING * * *
The rat completely misses you.
You puncture the orc! You freeze the orc.
You kill the orc!
The orc hits you with a +0 club.
* * * LOW HITPOINT WARNING * * *
The worm completely misses you. The rat misses you. The orc closely misses you.
The rat misses you.
You closely miss the rat.
Your spectral weapon barely misses the rat.
The orc misses you. The rat bites you but does no damage.
The orc closely misses you. The rat bites you but does no damage.
Unknown command.
You hit the orc. You freeze the orc.
The orc is heavily wounded.
Your spectral weapon hits the orc but does no damage.
The worm bites you.
* * * LOW HITPOINT WARNING * * *
The orc misses you. The rat bites you but does no damage. The orc hits you.
* * * LOW HITPOINT WARNING * * *
It was a potion of curing.
You feel better. The rat closely misses you.
The orc hits you but does no damage. The rat barely misses you.
The worm misses you. The orc barely misses you.
Unknown command.
You hit the orc. You freeze the orc.
You kill the orc!
The rat barely misses you. x2
Unknown command.
You hit the orc but do no damage.
Your spectral weapon hits the orc but does no damage.
The orc hits you.
* * * LOW HITPOINT WARNING * * *
The rat bites you but does no damage. The worm bites you!
You die...

##########
(..#.....##
..........##
.>.........#
...........#
..?...>r...#
......)@r..#
......(ow..#
...........#
..........##
.........##
###.######
.. ..


You could see a worm, an orc, 2 rats and a friendly spectral +2 spear of
freezing.

Vanquished Creatures
  Terence (D:2)
  An adder (D:2)
  A leopard gecko (D:3)
  4 orcs (D:3)
  A giant cockroach (D:2)
  3 goblins
  3 hobgoblins (D:1)
  2 jackals (D:1)
  2 bats
  3 kobolds
  2 rats
23 creatures vanquished.

Notes
Turn   | Place    | Note
-------+----------+-------------------------------------------
     0 | D:1      | tidbits the Gnoll Skald began the quest for the Orb.
     0 | D:1      | Reached XP level 1. HP: 20/20 MP: 6/6
    59 | D:1      | Reached XP level 2. HP: 9/26 MP: 1/7
    63 | D:1      | HP: 5/26 [jackal (2)]
   164 | D:2      | Learned a level 2 spell: Song of Slaying
   167 | D:2      | Learned a level 2 spell: Shroud of Golubria
   189 | D:2      | Noticed Terence
   204 | D:2      | Killed Terence
   204 | D:2      | Reached skill level 5 in Spellcasting
   204 | D:2      | Reached XP level 3. HP: 11/31 MP: 4/9
   209 | D:2      | Learned a level 3 spell: Regeneration
   213 | D:2      | Learned a level 3 spell: Spectral Weapon
   234 | D:2      | Reached skill level 1 in Invocations
   302 | D:2      | Reached skill level 1 in Short Blades
   302 | D:2      | Reached skill level 1 in Long Blades
   302 | D:2      | Reached skill level 1 in Axes
   302 | D:2      | Reached skill level 1 in Maces & Flails
   302 | D:2      | Reached skill level 1 in Staves
   302 | D:2      | Reached skill level 1 in Slings
   302 | D:2      | Reached skill level 1 in Bows
   302 | D:2      | Reached skill level 1 in Crossbows
   302 | D:2      | Reached skill level 1 in Throwing
   302 | D:2      | Reached skill level 1 in Stealth
   302 | D:2      | Reached skill level 1 in Shields
   302 | D:2      | Reached skill level 1 in Unarmed Combat
   302 | D:2      | Reached skill level 1 in Evocations
   348 | D:3      | Reached XP level 4. HP: 21/38 MP: 1/11
   352 | D:3      | HP: 5/38 [worm (6)]
   352 | D:3      | HP: 1/38 [orc (4)]
   355 | D:3      | Slain by a worm

Vault maps used:
D:1:      lemuel_arrival_tunnels
D:2:      minmay_misc_feat_cross, kennysheep_okawaru_gauntlet, uniq_terence

Skill      XL: |  1  2  3 |
---------------+----------+-----
Spellcasting   | 5 |  5.0
Invocations    | 1 |  1.1
Short Blades   | 1 |  1.0
Long Blades    | 1 |  1.0
Axes           | 1 |  1.0
Maces & Flails | 1 |  1.0
Staves         | 1 |  1.0
Slings         | 1 |  1.0
Bows           | 1 |  1.0
Crossbows      | 1 |  1.0
Throwing       | 1 |  1.0
Stealth        | 1 |  1.0
Shields        | 1 |  1.0
Unarmed Combat | 1 |  1.0
Evocations     | 1 |  1.0
Fighting       | |  4.6
Polearms       | |  4.6
Armour         | |  2.7
Dodging        | |  4.6
Conjurations   | |  0.7
Hexes          | |  0.7
Charms         | |  5.4
Summonings     | |  0.7
Necromancy     | |  0.7
Translocations | |  0.7
Transmutations | |  0.7
Fire Magic     | |  0.7
Ice Magic      | |  0.7
Air Magic      | |  0.7
Earth Magic    | |  0.7
Poison Magic   | |  0.7

Action                   |  1- 3 |  4- 6 || total
-------------------------+-------+-------++-------
Melee: Spear             |    59 |     6 ||    65
       Bite              |     4 |       ||     4
 Cast: Infusion          |     4 |       ||     4
       Shroud of Golubri |     1 |       ||     1
       Spectral Weapon   |     2 |       ||     2
       Regeneration      |     1 |       ||     1
       Song of Slaying   |     1 |       ||     1
  Use: Potion            |     1 |     1 ||     2
 Stab: Distracted        |     1 |       ||     1
Armor: Leather armour    |     8 |     8 ||    16
Dodge: Dodged            |    33 |    14 ||    47

Table legend:
 A = Non-vault XP
 B = Vault XP
 C = Vault XP percentage of total XP
 D = Non-vault monster count
 E = Vault monster count
 F = Vault count percentage of total count
                 A         B        C        D         E       F
            +---------+---------+-------+---------+---------+-------
      Total |      55 |      36 |  39.6 |      22 |       1 |   4.3
            +---------+---------+-------+---------+---------+-------
        D:1 |      17 |       0 |   0.0 |      10 |       0 |   0.0
        D:2 |      23 |      36 |  61.0 |       7 |       1 |  12.5
        D:3 |      15 |       0 |   0.0 |       5 |       0 |   0.0
            +---------+---------+-------+---------+---------+-------

Table legend:
 A = Turns spent in this place as a percentage of turns spent in the entire game.
 B = Non-inter-level travel turns spent in this place as a percentage of non-inter-level travel turns spent in the entire game.
 C = Inter-level travel turns spent in this place as a percentage of turns spent in this place.
 D = Turns resting spent in this place as a percentage of non-inter-level travel turns spent in this place.
 E = Turns spent auto-exploring this place as a percentage of non-inter-level travel turns spent in this place.
 F = Non-inter-level travel turns spent in this place divided by the number of levels of this place that you've seen.
                   A       B       C       D       E      F
               +-------+-------+-------+-------+-------+----------------------
         Total | 100.0 | 100.0 |   0.0 |   0.0 |   0.0 | 118.3
       Dungeon | 100.0 | 100.0 |   0.0 |   0.0 |   0.0 | 118.3
               +-------+-------+-------+-------+-------+----------------------

Table legend:
 A = Kills in this place as a percentage of kills in entire the game.
 B = Kills by you in this place as a percentage of kills by you in the entire game.
 C = Kills by friends in this place as a percentage of kills by friends in the entire game.
 D = Other kills in this place as a percentage of other kills in the entire game.
 E = Experience gained in this place as a percentage of experience gained in the entire game.
 F = Experience gained in this place divided by the number of levels of this place that you have seen.
                   A       B       C       D       E      F
               +-------+-------+-------+-------+-------+----------------------
         Total | 100.0 | 100.0 |   N/A |   N/A | 100.0 |  30.3
       Dungeon | 100.0 | 100.0 |   N/A |   N/A | 100.0 |  30.3
               +-------+-------+-------+-------+-------+----------------------

Vault maps used:
D:1:      lemuel_arrival_tunnels
D:2:      minmay_misc_feat_cross, kennysheep_okawaru_gauntlet, uniq_terence
